Unix NetHack Version 3.7.0-97 Work-in-progress - last build Feb 8 2024 15:05:57 (6d6cdf8371b60126770a3d7b88910941cb14a054,branch:master). Game began 2024-02-25 08:21:40, ended 2024-02-25 09:19:14. elenmirie, neutral female gnomish Archeologist -------------- |.........<..| ---------------- |............| ######...............| |............| ------------ ######00###### |.%..........|..# |............. #0+>..........### -------- |..............|# ----------.--- #|..........| |......| -------.--------# # #|..........| |......-# # # ## #...........-#### ----......|# # # # #|..........| # k.......----# # # # #|..........| ##f@|>.....| # ### # -----|--- ##------------ ###.......| # ###### ## |.......| 0################# -+-.----########## #----- |....o..| ### #####0 #---|-+--- #|.?+| |........## #+.......| #-.??| --------- |.......| |.+?| |.......| |.?.| |.......| |+??| |.......| ----- --------- Elenmirie the Field Worker St:13 Dx:11 Co:12 In:17 Wi:17 Ch:10 Neutral Dlvl:3 $:7 HP:0(27) Pw:23(23) AC:9 Xp:4/102 T:1799 Latest messages: What do you want to use or apply? [agptw or ?*] w You put a clear potion into the sack. You put a cyan potion into the sack. You see here a scroll called exrc vel. i - a scroll called exrc vel. What do you want to use or apply? [agptw or ?*] w You put a scroll called exrc vel into the sack. The door resists! The door resists! The door opens. You swap places with Coco. You stop. Coco is in the way! You swap places with Coco. You hear someone counting gold coins. You hear someone counting gold coins. $ - 7 gold pieces. You lash the iguana. The iguana bites! You miss the iguana. You kill the iguana! You see here an iguana corpse. There is an iguana corpse here; eat it? [ynq] (n) y This iguana corpse is fatty. You finish eating the iguana corpse. The door resists! The door resists! The door opens. You find a hidden door. You swap places with Coco. The door resists! The door opens. Coco bites the floating eye. You climb up the stairs. You swap places with Coco. The kobold lord hits! Coco bites the kobold lord. You lash the kobold lord. The kobold lord hits! Coco bites the kobold lord. You miss the kobold lord. The kobold lord hits! Coco misses the kobold lord. You miss the kobold lord. The kobold lord hits! You die... Do you want your possessions identified? [ynq] (y) y Do you want to see your attributes? [ynq] (y) y Do you want an account of creatures vanquished? [ynaq] (y) y Do you want to see your conduct and achievements? [ynq] (y) y Do you want to see the dungeon overview? [ynq] (y) y Inventory: Coins $ - 7 gold pieces Weapons a - an uncursed +2 bullwhip (weapon in right hand) Armor c - an uncursed +0 fedora (being worn) b - an uncursed +0 leather jacket (being worn) Comestibles d - 4 uncursed food rations Rings e - an uncursed ring of invisibility Tools w - an uncursed sack containing 9 items p - an uncursed magic lamp t - an uncursed tinning kit (0:92) Gems/Stones g - an uncursed touchstone Contents of the sack: 250 gold pieces an uncursed scroll of remove curse a cursed scroll of stinking cloud 2 uncursed scrolls of teleportation an uncursed potion of fruit juice a blessed potion of healing an uncursed potion of sleeping an uncursed potion of water an uncursed +0 pick-axe Elenmirie the Archeologist's attributes: Background: You were a Field Worker, a level 4 female gnomish Archeologist. You were neutral, on a mission for Camaxtli who was opposed by Quetzalcoatl (lawful) and Huhetotl (chaotic). You were right-handed. You were in the Dungeons of Doom, on level 3. You entered the dungeon 1799 turns ago. There was a full moon in effect when your adventure ended. You had 102 experience points, 58 more were needed to attain level 5. Basics: You had 0 out of 27 hit points. You had all 23 energy points (spell power). Your armor class was 9. Your wallet contained 7 zorkmids, and you had 250 more stashed away in your pack. Autopickup was on for '$' plus thrown. Final Characteristics: Your strength was 13 (limit:18/50). Your dexterity was 11 (limit:18). Your constitution was 12 (limit:18). Your intelligence was 17 (limit:19). Your wisdom was 17 (limit:18). Your charisma was 10 (limit:18). Final Status: You weren't hungry. You were unencumbered. You were wielding a whip. You had basic skill with whip. Final Attributes: You were devoutly aligned. You were poison resistant. You had automatic searching. You had infravision. You were lucky. You are dead. Miscellaneous: You never encountered a bones level. Total elapsed playing time was 9 minutes and 46 seconds. Major events: Turn 1: elenmirie the neutral female gnomish Archeologist entered the dungeon 652: attained the rank of Field Worker (level 3) 1372: entered the Gnomish Mines 1799: killed by a kobold lord Vanquished creatures: 3 shriekers an iguana an acid blob 2 hobbits 4 giant rats a cave spider a gnome zombie 2 jackals a fox 3 kobolds a goblin 2 sewer rats 7 grid bugs 2 lichens a kobold zombie a newt 33 creatures vanquished. No species were genocided or became extinct. Voluntary challenges: You read items or engraved 1 time. You never engraved Elbereth. You never genocided any monsters. You never polymorphed an object. You never changed form. You used no wishes. Achievements: You attained the rank of Field Worker. You entered a shop. You entered the Gnomish Mines. The Dungeons of Doom: levels 1 to 4 Level 1: An altar, a sink, a grave. Level 2: Level 3: <- You were here. A grave. Stairs down to The Gnomish Mines. Final resting place for you, killed by a kobold lord. Level 4: An altar, a sink. The Gnomish Mines: Level 4: Game over: ---------- / \ / REST \ / IN \ / PEACE \ / \ | elenmirie | | 257 Au | | killed by a | | kobold lord | | | | | | 2024 | *| * * * | * _________)/\\_//(\/(/\)/\//\/|_)_______ Goodbye elenmirie the Archeologist... You died in The Dungeons of Doom on dungeon level 3 with 790 points, and 257 pieces of gold, after 1799 moves. You were level 4 with a maximum of 27 hit points when you died.